 Dungeon Crawl Stone Soup version 0.19.1-1-g22dce08 (webtiles) character file.

1849 Gargoyl the Covered (level 9, -1/74 HPs)
             Began as a Ghoul Abyssal Knight on Jan 2, 2017.
             Was a Priest of Lugonu.
             Slain by a troll (4 damage)
             ... on level 7 of the Dungeon.
             The game lasted 00:14:23 (5062 turns).

Gargoyl the Covered (Ghoul Abyssal Knight)          Turns: 5062, Time: 00:14:24

Health: -1/74      AC: 13    Str: 20    XL:     9   Next: 12%
Magic:  12/12      EV:  8    Int:  7    God:    Lugonu [***...]
Gold:   330        SH:  2    Dex: 10    Spells: 0 memorised, 8 levels left

rFire  . . .     SeeInvis +     k - +5 falchion (slice)
rCold  + . .     Gourm    .     p - +0 chain mail
rNeg   + + +     Faith    .     (no shield)
rPois  ∞         Spirit   .     f - +1 helmet {SInv}
rElec  .         Reflect  +     (no cloak)
rCorr  .         Harm     .     A - +0 pair of gloves
MR     .....                    (no boots)
Stlth  ..........               u - +2 amulet of reflection
                                (no ring)
                                q - +3 ring of strength

@: rotting
A: rotting body, claws 1, carnivore 3, cold resistance 1, negative energy
resistance 3, slow regeneration 1, torment resistance, unbreathing
a: Depart the Abyss, Bend Space, Banish, Renounce Religion


You were on level 7 of the Dungeon.
You worshipped Lugonu.
Lugonu was most pleased with you.
You were not hungry.

You visited 1 branch of the dungeon, and saw 7 of its levels.
You visited the Abyss 1 time.

You collected 420 gold pieces.
You spent 90 gold pieces at shops.

Inventory:

Hand Weapons
 a - a +1 hand axe
 k - a +5 falchion of slicing (weapon)
 n - a +2 whip of draining
 v - a +0 spear
 y - a +0 war axe
Armour
 f - a +1 helmet of see invisible (worn)
 p - a +0 chain mail (worn)
 A - a +0 pair of gloves (worn)
Rods
 d - a +1 rod of clouds (9/9)
   (You found it on level 2 of the Abyss)
Jewellery
 q - a +3 ring of strength (left hand)
 u - a +2 amulet of reflection (around neck)
Wands
 o - a wand of confusion (22/48)
Scrolls
 e - 2 scrolls of identify
 l - 3 scrolls of teleportation
 r - a scroll of amnesia
 w - 2 scrolls of magic mapping
 C - a scroll of remove curse
Potions
 b - a potion of lignification {unknown}
 g - a potion of mutation {unknown}
 h - a potion of invisibility {unknown}
 j - a potion of ambrosia {unknown}
 m - a potion of heal wounds
 s - a potion of berserk rage {unknown}
 t - a potion of haste {unknown}
Books
 x - a book of Changes

   Spells                             Type                      Level
   a - Beastly Appendage              Transmutation                1
   b - Sticks to Snakes               Transmutation                2
   c - Spider Form                    Transmutation/Poison         3
   d - Ice Form                       Ice/Transmutation            4
   e - Blade Hands                    Transmutation                5
 B - a book of Callings

   Spells                             Type                      Level
   a - Summon Small Mammal            Summoning                    1
   b - Call Imp                       Summoning                    2
   c - Call Canine Familiar           Summoning                    3
   d - Summon Guardian Golem          Hexes/Summoning              3
   e - Summon Lightning Spire         Summoning/Air                4
   f - Summon Ice Beast               Ice/Summoning                4
Comestibles
 c - 3 meat rations
 i - 2 beef jerkies


   Skills:
 + Level 5.4 Fighting
 + Level 2.2 Long Blades
 + Level 2.5(4.0) Axes
 + Level 4.7(5.1) Maces & Flails
 * Level 6.4 Armour
 + Level 2.0 Dodging
 * Level 5.6 Invocations


You had 8 spell levels left.
You didn't know any spells.

Dungeon Overview and Level Annotations

Branches:
Dungeon (7/15)             Temple (0/1) D:7

Altars:
Ashenzari
Hepliaklqana
Nemelex Xobeh
Qazlal
Ru
Zin
The Shining One

Annotations:
D:3 Grinder
D:4 retryentry's ghost, amateur GrFi


Innate Abilities, Weirdness & Mutations

Your body is rotting away.
You thrive on raw meat.
You are immune to poison.
You have sharp fingernails.
You are carnivorous and can eat meat at any time.
Your flesh is cold resistant. (rC+)
You are immune to negative energy. (rN+++)
You regenerate slowly when monsters are visible.
You are immune to unholy pain and torment.
You can survive without breathing.


Message History

Eat a chunk of flesh? (ye/n/q)
You start eating the chunk of flesh.
The troll bites you. The troll claws you.
* * * LOW HITPOINT WARNING * * *
The troll claws you but does no damage.
This raw flesh tastes great!
Unknown command.
You closely miss the troll.
The troll is severely wounded.
The troll bites you but does no damage. The troll claws you.
The troll barely misses you.
Your chain mail prevents you from hitting the troll.
The troll is severely wounded.
The troll bites you!
* * * LOW HITPOINT WARNING * * *
The troll claws you!
* * * LOW HITPOINT WARNING * * *
The troll claws you!
* * * LOW HITPOINT WARNING * * *
The troll bites you.
You die...

###.##.....####### .#.#
#..#.....## #####.#.# .
..........## #........
###..........# #........
#............###.......:
#.##...........#........
#.##.........#.#........
...#.........#..T#
...#.........###@##
.(.#.........# #..#
.............# ##.#
...#.......[.# $..
...#.........# ##.#
........###### ..#
#######...# ..# #####
#.# ..


You could see a troll.

Vanquished Creatures
  A hippogriff (D:7)
  Eustachio (D:6)
  2 sky beasts
  2 ogres
  3 centaurs
  2 scorpions
  2 howler monkeys
  A crimson imp (D:6)
  2 hounds
  3 orc priests
  A gnoll shaman (D:5)
  5 orc wizards
  An iguana (D:7)
  3 worker ants
  A hound zombie (D:5)
  A worker ant zombie (D:5)
  6 gnolls
  6 adders
  A howler monkey skeleton (D:7)
  A shadow imp (D:5)
  2 oozes
  2 worms
  3 leopard geckos
  22 orcs
  3 giant cockroaches
  7 goblins
  9 hobgoblins
  A jackal (D:1)
  5 kobolds
  A quokka (D:3)
  9 bats
  5 frilled lizards
  A jackal skeleton (D:4)
  3 rats
118 creatures vanquished.

Vanquished Creatures (others)
  A vampire (D:6)
1 creature vanquished.

Grand Total: 119 creatures vanquished

Notes
Turn   | Place    | Note
-------+----------+-------------------------------------------
     0 | Abyss:1  | Gargoyl the Ghoul Abyssal Knight began the quest for the Orb.
     0 | Abyss:1  | Reached XP level 1. HP: 19/19 MP: 1/1
     2 | Abyss:2  | Found a corrupted altar of Lugonu.
    31 | Abyss:2  | Noticed an ophan
    48 | D:1      | Escaped the Abyss
   445 | D:1      | Reached XP level 2. HP: 14/26 MP: 2/2
   610 | D:1      | Reached skill level 2 in Armour
   649 | D:1      | Reached * piety under Lugonu
   654 | D:1      | Reached XP level 3. HP: 9/33 MP: 3/3
  1042 | D:2      | Found a shattered altar of Ashenzari.
  1066 | D:2      | Reached skill level 1 in Dodging
  1310 | D:2      | Reached XP level 4. HP: 36/40 MP: 4/4
  1581 | D:2      | Reached ** piety under Lugonu
  1589 | D:2      | Found a hazy altar of Hepliaklqana.
  1712 | D:3      | Found a stormy altar of Qazlal.
  1760 | D:3      | Reached XP level 5. HP: 46/46 MP: 6/6
  1841 | D:3      | Noticed Grinder
  1877 | D:4      | Noticed retryentry's ghost (amateur GrFi)
  1922 | D:3      | Identified a +1 rod of clouds (9/9) (You found it on level 2 of the Abyss)
  1993 | D:3      | Reached skill level 3 in Armour
  2091 | D:3      | Reached skill level 1 in Maces & Flails
  2244 | D:5      | Entered Level 5 of the Dungeon
  2481 | D:5      | Found a stormy altar of Qazlal.
  2482 | D:5      | Noticed a fire elemental
  2482 | D:5      | Noticed an air elemental
  2482 | D:5      | Noticed a water elemental
  2502 | D:5      | Noticed an ogre
  2515 | D:5      | Killed an ogre
  2515 | D:5      | Reached XP level 6. HP: 24/52 MP: 7/7
  2692 | D:5      | Reached skill level 4 in Armour
  2692 | D:5      | Reached XP level 7. HP: 41/59 MP: 7/9
  2774 | D:5      | Found Zin's Purification Station.
  2778 | D:5      | Found a glowing silver altar of Zin.
  2781 | D:5      | Bought a potion of curing for 90 gold pieces
  2865 | D:5      | Reached *** piety under Lugonu
  2974 | D:5      | HP: 3/60 [gnoll/halberd (2)]
  2980 | D:5      | HP: 2/60 [gnoll/halberd (9)]
  3398 | D:6      | Noticed a vampire
  3433 | D:6      | Reached XP level 8. HP: 59/67 MP: 10/10
  3448 | D:6      | Banished a vampire
  3643 | D:6      | Noticed Eustachio
  3688 | D:6      | Killed Eustachio
  3688 | D:6      | Reached skill level 5 in Armour
  3853 | D:6      | Reached skill level 5 in Fighting
  4127 | D:6      | Found a sparkling altar of Nemelex Xobeh.
  4127 | D:6      | Found a sacrificial altar of Ru.
  4159 | D:6      | Found a sparkling altar of Nemelex Xobeh.
  4679 | D:6      | Reached skill level 5 in Invocations
  4730 | D:6      | Found a faded altar of an unknown god.
  4730 | D:6      | Found a faded altar of an unknown god.
  4735 | D:6      | Found a glowing golden altar of the Shining One.
  4739 | D:6      | Found a faded altar of an unknown god.
  4742 | D:6      | Found a faded altar of an unknown god.
  4869 | D:7      | Found a staircase to the Ecumenical Temple.
  4869 | D:7      | Noticed a hippogriff
  4882 | D:7      | Killed a hippogriff
  4882 | D:7      | Reached skill level 1 in Long Blades
  4882 | D:7      | Reached skill level 6 in Armour
  4933 | D:7      | Reached XP level 9. HP: 74/74 MP: 12/12
  5038 | D:7      | Noticed a troll
  5062 | D:7      | HP: 3/74 [troll (8)]
  5062 | D:7      | Slain by a troll

Skill      XL: |  1  2  3  4  5  6  7  8  9 |
---------------+----------------------------+-----
Axes           | 2 |  2.5
Armour         | 2 3 4 6 |  6.4
Dodging        | 1 2 |  2.0
Fighting       | 4 5 |  5.4
Maces & Flails | 1 2 3 4 |  4.7
Invocations    | 3 4 5 |  5.6
Long Blades    | 1 2 |  2.2

Action                   |  1- 3 |  4- 6 |  7- 9 || total
-------------------------+-------+-------+-------++-------
Melee: Hand axe          |   110 |       |       ||   110
       Whip              |    15 |   170 |   170 ||   355
       Flail             |       |    60 |       ||    60
       Falchion          |       |       |    67 ||    67
Invok: Depart the Abyss  |     1 |       |       ||     1
       Banish            |       |       |     1 ||     1
Evoke: Wand              |       |     1 |       ||     1
  Use: Scroll            |       |    10 |     4 ||    14
       Potion            |       |       |     3 ||     3
  Eat: Chunk             |    15 |    28 |    45 ||    88
Armor: Leather armour    |    60 |       |       ||    60
       Chain mail        |    12 |   150 |   161 ||   323
       Scale mail        |     3 |       |       ||     3
Dodge: Dodged            |    80 |    96 |   129 ||   305
Block: Other             |       |       |     1 ||     1
       Rpst.: Falchion   |       |       |    13 ||    13
